Harfangs vs Influenza (R2)

Created - 10 janvier 2015 at 19:04

Goals
1 2 3 OT1 SO T
Harfangs 0 3 0 0 0 3
Influenza 1 1 1 0 1 4
Shots
1 2 3 OT1 SO T
Harfangs 14 20 3 0 3 37
Influenza 12 10 6 2 2 30

1st period

1. Influenza , Ben Smith 13 (Jeff Petry) at 6:59

Penalties :
Tomas Tatar (BEA) for Roughing (Minor) at 4:09, Ben Smith (VJB) for Tripping (Minor) at 13:51

2nd period

2. Harfangs , Alexandre Picard 4 (Chris Kreider) at 2:00
3. Influenza , Martins Karsums 24 (Noah Welch) at 11:30
4. Harfangs , Stefan Ruzicka 35 (Petri Kontiola, Alexandre Picard) at 11:44
5. Harfangs , Dustin Jeffrey 4 (Kyle Palmieri, Mark Giordano) at 18:26

Penalties :
Petri Kontiola (BEA) for Hooking (Minor) at 15:29, Mathieu Carle (VJB) for Hooking (Minor) at 19:55

3rd period

6. Influenza , Adam Berti 3 (Colin McDonald, Andreas Engqvist) at 3:51

Penalties :
James Wisniewski (BEA) for Hooking (Minor) at 3:54, Roman Wick (BEA) for Kneeing (Major) at 10:50

Overtime #1

No Goal

Penalties :
Jaime Sifers (VJB) for Boarding (Minor) at 3:23

Shootout

Penalty Shot by Petri Kontiola for Harfangs - Shot Misses the Net
Penalty Shot by Robbie Earl for Influenza - Goal!
Penalty Shot by Peter Olvecky for Harfangs - Shot Misses the Net
Penalty Shot by Ryan Carter for Influenza - Stopped by Robin Lehner
Penalty Shot by Alexandre Picard for Harfangs - Stopped by Alex Stalock

Penalties :
No Penalty

Goalie Stats

Robin Lehner (BEA), 27 saves from 30 shots - (0,900), OTL, 15-9-4, 65:00 minutes
Alex Stalock (VJB), 34 saves from 37 shots - (0,919), W, 14-14-2, 65:00 minutes

Players Stats for Harfangs

Player Name              G  A  P  +/- PIM S  H  SB GA TA FO     MP     PP MP  PK MP  
------------------------------------------------------------------------------------
Alex Killorn             0  0  0   0  0   1  2  0  1  0  2/10   15:38   1:40   0:00 
Alexandre Picard         1  1  2   1  0   4  1  1  1  0  0/0    26:45   2:31   5:58 
Andrew Orpik             0  0  0  -1  0   1  1  0  0  0  0/0    12:55   0:00   0:58 
Brandon Pirri            0  0  0  -1  0   1  2  0  0  0  1/2     9:14   0:00   2:00 
Chris Kreider            0  1  1   2  0   1  4  0  1  0  0/1    22:09   2:18   5:05 
Drew Shore               0  0  0  -1  0   1  0  0  0  0  3/9    13:23   0:00   3:42 
Dustin Jeffrey           1  0  1  -1  0   2  1  0  1  0  0/0     9:33   0:00   2:53 
James Wisniewski         0  0  0   1  2   3  1  3  1  0  0/0    27:18   2:31   4:00 
Kyle Palmieri            0  1  1  -1  0   3  1  0  0  0  0/0     7:39   0:00   0:00 
Mark Giordano            0  1  1   0  0   2  3  5  0  0  0/0    26:53   1:27   5:35 
Michal Repik             0  0  0  -1  0   3  0  0  1  0  1/1    11:13   0:00   0:00 
Peter Olvecky            0  0  0   0  0   3  2  0  0  0  0/1    17:21   1:40   1:20 
Petri Kontiola           0  1  1   2  2   5  2  0  2  0  18/31  24:02   2:18   4:00 
Roman Wick               0  0  0   0  5   0  0  0  0  0  1/3    14:24   1:40   0:00 
Sasha Pokulok            0  0  0  -1  0   2  2  2  0  0  0/0    18:43   0:00   4:51 
Stefan Ruzicka           1  0  1   2  0   5  3  0  1  1  3/4    20:12   2:18   0:00 
Tomas Tatar              0  0  0  -1  2   0  1  2  0  0  2/3    14:08   0:00   2:52 
Victor Bartley           0  0  0   0  0   0  0  1  0  0  0/0    17:30   1:27   0:30 

Players Stats for Influenza

Player Name              G  A  P  +/- PIM S  H  SB GA TA FO     MP     PP MP  PK MP  
------------------------------------------------------------------------------------
Adam Berti               1  0  1   1  0   2  0  0  0  1  0/0     8:23   0:22   0:20 
Andreas Engqvist         0  1  1   1  0   0  0  1  0  1  2/3     6:09   0:00   0:00 
Ben Smith                1  0  1   1  2   3  3  0  0  0  0/1    15:26   4:30   0:00 
Brian Salcido            0  0  0   1  0   0  1  0  0  0  0/0     9:48   0:57   0:00 
Carl Gunnarsson          0  0  0  -1  0   1  3  1  0  0  0/0    20:56   4:18   2:22 
Cody McCormick           0  0  0   1  0   3  0  0  0  0  7/9    18:05   4:30   0:43 
Colby Robak              0  0  0   0  0   0  0  0  0  0  0/0     0:00   0:00   0:00 
Colin McDonald           0  1  1   1  0   1  0  2  0  0  0/1     9:17   0:58   1:01 
Corey Tropp              0  0  0   0  0   0  0  0  0  0  0/0     0:00   0:00   0:00 
Eric Wellwood            0  0  0  -1  0   0  1  0  0  0  1/1    10:29   0:00   0:00 
Jaime Sifers             0  0  0  -1  2   0  2  1  0  1  0/0    19:59   4:27   1:24 
Jeff May                 0  0  0   0  0   0  0  1  0  0  0/0     7:40   0:26   0:00 
Jeff Petry               0  1  1   1  0   0  0  0  0  0  0/0    11:23   0:00   2:32 
Jeremy Morin             0  0  0  -1  0   2  0  1  0  0  0/0    13:06   0:50   0:00 
Jordan Schroeder         0  0  0   0  0   0  0  0  0  0  0/0     1:34   0:03   0:00 
Juraj Mikus              0  0  0   0  0   0  0  0  0  0  0/0     0:00   0:00   0:00 
Martins Karsums          1  0  1  -1  0   5  1  1  0  0  1/2    22:13   5:20   0:43 
Mathieu Carle            0  0  0   0  2   4  0  1  0  4  0/0    26:51   5:55   1:38 
Noah Welch               0  1  1   0  0   3  2  0  0  1  0/0    27:17   5:49   3:12 
Oskars Bartulis          0  0  0   0  0   0  0  0  0  0  0/0     7:07   0:00   0:00 
Robbie Earl              0  0  0  -1  0   1  0  2  0  0  5/9    25:33   5:26   3:55 
Ryan Carter              0  0  0  -1  0   3  8  0  1  1  15/34  24:13   5:17   2:50 
Ryan Russell             0  0  0   1  0   0  1  0  0  0  0/0    15:24   4:30   0:00 
T.J Brodie               0  0  0   0  0   0  0  0  0  0  0/0     0:00   0:00   0:00 
Zac Dalpe                0  0  0  -1  0   2  1  0  0  0  3/5    13:30   1:02   0:00 

3 Stars

1 - Alexandre Picard (BEA)
2 - Stefan Ruzicka (BEA)
3 - Chris Kreider (BEA)

Power Play

Harfangs - 0 on 3 Attempt(s) - 0,00%
Influenza - 0 on 4 Attempt(s) - 0,00%

Penalty Kill

Harfangs - 4 on 4 Attempt(s) - 100,00% - Score 0 goal in Penalty Kill
Influenza - 3 on 3 Attempt(s) - 100,00% - Score 0 goal in Penalty Kill

Official

Referees : Charron Francis and Watson Brad
Linesman : Scott Driscoll and Steve Barton

Game Notes

18:26 of 2nd period - Harfangs goal is going for a video replay. After video review, Goal.

Finance

Level 1 -- Attendance: 1527 (76,35%) -- Ticket Income 61 080 $
Level 2 -- Attendance: 702 (70,20%) -- Ticket Income 14 040 $
Total Attendance: 2229 (74,30%)
Total Ticket Income: 75 120 $
Other Income: 3 756 $
Total Income: 78 876 $

Harfangs

5 vs 5 Forward 
   Center                   Left Wing                Right Wing               Time % Phy DF OF 
 1 Petri Kontiola           Chris Kreider            Stefan Ruzicka           40     1   2  2  
 2 Alex Killorn             Peter Olvecky            Roman Wick               30     1   2  2  
 3 Drew Shore               Tomas Tatar              Michal Repik             20     1   2  2  
 4 Brandon Pirri            Dustin Jeffrey           Kyle Palmieri            10     1   2  2  

5 vs 5 Defense 
   Defense                  Defense                                           Time % Phy DF OF 
 1 Alexandre Picard         James Wisniewski                                  40     1   2  2  
 2 Mark Giordano            Victor Bartley                                    30     1   2  2  
 3 Andrew Orpik             Sasha Pokulok                                     20     1   2  2  
 4 Mark Giordano            James Wisniewski                                  10     1   2  2  

PowerPlay Forward 
   Center                   Left Wing                Right Wing               Time % Phy DF OF 
 1 Petri Kontiola           Chris Kreider            Stefan Ruzicka           60     1   2  2  
 2 Alex Killorn             Peter Olvecky            Roman Wick               40     1   2  2  

PowerPlay Defense
   Defense                  Defense                                           Time % Phy DF OF 
 1 Alexandre Picard         James Wisniewski                                  60     1   2  2  
 2 Mark Giordano            Victor Bartley                                    40     1   2  2  

Penalty Kill 4 Players Forward 
   Center                   Wing                     Time % Phy DF OF 
 1 Petri Kontiola           Chris Kreider            60     1   2  2  
 2 Drew Shore               Dustin Jeffrey           40     1   2  2  

Penalty Kill 4 Players Defense
   Defense                  Defense                  Time % Phy DF OF 
 1 Mark Giordano            Alexandre Picard         60     1   2  2  
 2 Sasha Pokulok            James Wisniewski         40     1   2  2  

Penalty Kill - 3 Players Forward 
   Forward                                           Time % Phy DF OF 
 1 Petri Kontiola                                    60     1   2  2  
 2 Drew Shore                                        40     1   2  2  

Penalty Kill - 3 Players Defense
   Defense                  Defense                  Time % Phy DF OF 
 1 Mark Giordano            Alexandre Picard         60     1   2  2  
 2 Sasha Pokulok            James Wisniewski         40     1   2  2  

4 vs 4 Forward 
   Center                   Wing                     Time % Phy DF OF 
 1 Stefan Ruzicka           Petri Kontiola           60     1   2  2  
 2 Alex Killorn             Peter Olvecky            40     1   2  2  

4 vs 4 Defense
   Defense                  Defense                  Time % Phy DF OF 
 1 Alexandre Picard         Mark Giordano            60     1   2  2  
 2 Sasha Pokulok            James Wisniewski         40     1   2  2  

Last Minutes Offensive
   Center                   Left Wing                Right Wing               Defense                  Defense                  
   Petri Kontiola           Chris Kreider            Stefan Ruzicka           Mark Giordano            James Wisniewski         

Last Minutes Defensive
   Center                   Left Wing                Right Wing               Defense                  Defense                  
   Petri Kontiola           Peter Olvecky            Stefan Ruzicka           Mark Giordano            Alexandre Picard         

Goaltenders
Starting : Robin Lehner             
Backup : Peter Budaj              

Extra Forwards
Normal : Stefan Ruzicka, Michal Repik, Tomas Tatar - PP : Stefan Ruzicka, Michal Repik - PK : Tomas Tatar
Extra Defensemen
Normal : Mark Giordano, James Wisniewski, Alexandre Picard - PP : Victor Bartley - PK : Mark Giordano, Alexandre Picard
Penalty Shots
Petri Kontiola, Peter Olvecky, Alexandre Picard, James Wisniewski, Tomas Tatar

Influenza

5 vs 5 Forward 
   Center                   Left Wing                Right Wing               Time % Phy DF OF 
 1 Ryan Carter              Robbie Earl              Martins Karsums          40     1   2  2  
 2 Cody McCormick           Ryan Russell             Ben Smith                30     1   2  2  
 3 Zac Dalpe                Eric Wellwood            Jeremy Morin             20     1   2  2  
 4 Andreas Engqvist         Adam Berti               Colin McDonald           10     1   2  2  

5 vs 5 Defense 
   Defense                  Defense                                           Time % Phy DF OF 
 1 Noah Welch               Mathieu Carle                                     40     1   2  2  
 2 Jaime Sifers             Carl Gunnarsson                                   30     1   2  2  
 3 Brian Salcido            Jeff Petry                                        20     1   2  2  
 4 Oskars Bartulis          Jeff May                                          10     1   2  2  

PowerPlay Forward 
   Center                   Left Wing                Right Wing               Time % Phy DF OF 
 1 Ryan Carter              Robbie Earl              Martins Karsums          60     1   2  2  
 2 Cody McCormick           Ryan Russell             Ben Smith                40     1   2  2  

PowerPlay Defense
   Defense                  Defense                                           Time % Phy DF OF 
 1 Noah Welch               Mathieu Carle                                     60     1   2  2  
 2 Jaime Sifers             Carl Gunnarsson                                   40     1   2  2  

Penalty Kill 4 Players Forward 
   Center                   Wing                     Time % Phy DF OF 
 1 Robbie Earl              Ryan Carter              60     1   2  2  
 2 Martins Karsums          Cody McCormick           40     1   2  2  

Penalty Kill 4 Players Defense
   Defense                  Defense                  Time % Phy DF OF 
 1 Noah Welch               Mathieu Carle            60     1   2  2  
 2 Jaime Sifers             Carl Gunnarsson          40     1   2  2  

Penalty Kill - 3 Players Forward 
   Forward                                           Time % Phy DF OF 
 1 Robbie Earl                                       60     1   2  2  
 2 Ryan Carter                                       40     1   2  2  

Penalty Kill - 3 Players Defense
   Defense                  Defense                  Time % Phy DF OF 
 1 Noah Welch               Mathieu Carle            60     1   2  2  
 2 Jaime Sifers             Carl Gunnarsson          40     1   2  2  

4 vs 4 Forward 
   Center                   Wing                     Time % Phy DF OF 
 1 Robbie Earl              Ryan Carter              60     1   2  2  
 2 Martins Karsums          Cody McCormick           40     1   2  2  

4 vs 4 Defense
   Defense                  Defense                  Time % Phy DF OF 
 1 Noah Welch               Mathieu Carle            60     1   2  2  
 2 Jaime Sifers             Carl Gunnarsson          40     1   2  2  

Last Minutes Offensive
   Center                   Left Wing                Right Wing               Defense                  Defense                  
   Ryan Carter              Robbie Earl              Martins Karsums          Noah Welch               Mathieu Carle            

Last Minutes Defensive
   Center                   Left Wing                Right Wing               Defense                  Defense                  
   Ryan Carter              Robbie Earl              Martins Karsums          Noah Welch               Mathieu Carle            

Goaltenders
Starting : Alex Stalock             
Backup : Tyson Sexsmith           

Extra Forwards
Normal : Zac Dalpe, Jeremy Morin, Colin McDonald - PP : Zac Dalpe, Jeremy Morin - PK : Colin McDonald
Extra Defensemen
Normal : Brian Salcido, Jeff Petry, Oskars Bartulis - PP : Brian Salcido - PK : Jeff Petry, Oskars Bartulis
Penalty Shots
Robbie Earl, Ryan Carter, Martins Karsums, Cody McCormick, Ben Smith

% Time on Ice - Harfangs

Lines # - Real PCT - Wanted PCT - Time Play
Normal Forward
1 - 35% - 40% - 15:41
2 - 30% - 30% - 13:25
3 - 21% - 20% - 9:23
4 - 15% - 10% - 6:37
Normal Defense
1 - 36% - 40% - 16:05
2 - 35% - 30% - 15:38
3 - 22% - 20% - 10:07
4 - 7% - 10% - 3:16
PP Forward
1 - 58% - 60% - 2:18
2 - 42% - 40% - 1:40
PP Defense
1 - 63% - 60% - 2:31
2 - 37% - 40% - 1:27
PK Forward
1 - 74% - 60% - 8:03
2 - 26% - 40% - 2:53
PK Defense
1 - 52% - 60% - 5:38
2 - 48% - 40% - 5:18
PK3 Forward
1 - 0% - 60%
2 - 0% - 40%
PK3 Defense
1 - 0% - 60%
2 - 0% - 40%
44 Forward
1 - 71% - 60% - 3:32
2 - 29% - 40% - 1:28
44 Defense
1 - 46% - 60% - 2:17
2 - 54% - 40% - 2:43
Last Minute Offensive  - 0:00
Last Minute Defensive  - 0:00
Total
Forward - 65:00
Defense - 65:00

% Time on Ice - Influenza

Lines # - Real PCT - Wanted PCT - Time Play
Normal Forward
1 - 33% - 40% - 15:00
2 - 30% - 30% - 13:41
3 - 23% - 20% - 10:16
4 - 14% - 10% - 6:09
Normal Defense
1 - 36% - 40% - 16:04
2 - 29% - 30% - 13:04
3 - 20% - 20% - 8:51
4 - 16% - 10% - 7:07
PP Forward
1 - 55% - 60% - 6:04
2 - 45% - 40% - 4:52
PP Defense
1 - 55% - 60% - 6:03
2 - 45% - 40% - 4:53
PK Forward
1 - 82% - 60% - 3:15
2 - 18% - 40% - 0:43
PK Defense
1 - 65% - 60% - 2:34
2 - 35% - 40% - 1:24
PK3 Forward
1 - 96% - 60% - 1:32
2 - 4% - 40% - 0:04
PK3 Defense
1 - 40% - 60% - 0:38
2 - 60% - 40% - 0:58
44 Forward
1 - 74% - 60% - 2:30
2 - 26% - 40% - 0:54
44 Defense
1 - 65% - 60% - 2:12
2 - 35% - 40% - 1:12
Last Minute Offensive  - 0:00
Last Minute Defensive  - 0:00
Total
Forward - 65:00
Defense - 65:00

Play by Play

1st period


0:01 of 1st period - Petri Kontiola wins face-off versus Ryan Carter in neutral zone.
0:04 of 1st period - Noah Welch is hit by Petri Kontiola.
0:44 of 1st period - Cody McCormick is hit by Alexandre Picard and loses puck.
1:01 of 1st period - Snap shot by Peter Olvecky.
1:01 of 1st period - Shot Blocked by Mathieu Carle.
1:13 of 1st period - Snap shot by Ben Smith.
1:13 of 1st period - Shot Misses the Net.
1:15 of 1st period - Slapshot by Noah Welch.
1:15 of 1st period - Shot Blocked by Alexandre Picard.
1:17 of 1st period - Slapshot by Mathieu Carle.
1:17 of 1st period - Shot Hit the Post.
1:19 of 1st period - Slapshot by Noah Welch.
1:19 of 1st period - Stopped by Robin Lehner without a rebound.
1:20 of 1st period - Eric Wellwood wins face-off versus Drew Shore in Harfangs zone.
1:47 of 1st period - Mark Giordano is hit by Ryan Carter.
2:47 of 1st period - Snap shot by Chris Kreider.
2:47 of 1st period - Deflect By Stefan Ruzicka.
2:47 of 1st period - Shot Misses the Net.
2:47 of 1st period - Puck is out of play.
2:48 of 1st period - Petri Kontiola wins face-off versus Andreas Engqvist in Influenza zone.
2:53 of 1st period - Slapshot by Stefan Ruzicka.
2:53 of 1st period - Shot Misses the Net.
2:55 of 1st period - Wrist shot by Petri Kontiola.
2:55 of 1st period - Shot Misses the Net.
3:38 of 1st period - Wrist shot by Zac Dalpe.
3:38 of 1st period - Shot Misses the Net.
3:58 of 1st period - Wrist shot by Ryan Russell.
3:58 of 1st period - Shot Misses the Net.
4:00 of 1st period - Slapshot by Noah Welch.
4:00 of 1st period - Stopped by Robin Lehner with a rebound.
4:02 of 1st period - Slapshot by Mathieu Carle.
4:02 of 1st period - Shot Blocked by James Wisniewski.
4:04 of 1st period - Slapshot by Mathieu Carle.
4:04 of 1st period - Deflect By James Wisniewski.
4:04 of 1st period - Stopped by Robin Lehner without a rebound.
4:05 of 1st period - Ryan Carter wins face-off versus Drew Shore in Harfangs zone.
4:09 of 1st period - Minor Penalty to Tomas Tatar for Roughing.
4:10 of 1st period - Petri Kontiola wins face-off versus Ryan Carter in Harfangs zone.
4:41 of 1st period - Off-side.
4:42 of 1st period - Ryan Carter wins face-off versus Drew Shore in neutral zone.
6:09 of 1st period - Penalty to Tomas Tatar is over, Tomas Tatar is back on ice.
6:59 of 1st period - Snap shot by Ben Smith.
6:59 of 1st period - Goal by Ben Smith - Harfangs : 0 - Influenza : 1.
7:00 of 1st period - Petri Kontiola wins face-off versus Ryan Carter in neutral zone.
7:03 of 1st period - Snap shot by Stefan Ruzicka.
7:03 of 1st period - Deflect By Petri Kontiola.
7:03 of 1st period - Stopped by Alex Stalock without a rebound.
7:04 of 1st period - Petri Kontiola wins face-off versus Ryan Carter in Influenza zone.
7:05 of 1st period - Snap shot by Stefan Ruzicka.
7:05 of 1st period - Shot Blocked by Robbie Earl.
7:15 of 1st period - Backhand shot by Ryan Carter.
7:15 of 1st period - Stopped by Robin Lehner with a rebound.
7:35 of 1st period - Wrist shot by Ryan Carter.
7:35 of 1st period - Shot Misses the Net.
7:43 of 1st period - Snap shot by Stefan Ruzicka.
7:43 of 1st period - Stopped by Alex Stalock with a rebound.
7:45 of 1st period - Snap shot by Chris Kreider.
7:45 of 1st period - Shot Misses the Net.
7:47 of 1st period - Wrist shot by Sasha Pokulok.
7:47 of 1st period - Stopped by Alex Stalock with a rebound.
7:49 of 1st period - Slapshot by Petri Kontiola.
7:49 of 1st period - Shot Misses the Net.
7:51 of 1st period - Slapshot by Andrew Orpik.
7:51 of 1st period - Stopped by Alex Stalock without a rebound.
7:52 of 1st period - Cody McCormick wins face-off versus Alex Killorn in Influenza zone.
7:52 of 1st period - Cody McCormick is hit by Mark Giordano.
8:08 of 1st period - Snap shot by Ben Smith.
8:08 of 1st period - Stopped by Robin Lehner without a rebound.
8:09 of 1st period - Drew Shore wins face-off versus Zac Dalpe in Harfangs zone.
8:15 of 1st period - Off-side.
8:16 of 1st period - Zac Dalpe wins face-off versus Drew Shore in neutral zone.
8:27 of 1st period - Slapshot by James Wisniewski.
8:27 of 1st period - Stopped by Alex Stalock without a rebound.
8:28 of 1st period - Petri Kontiola wins face-off versus Ryan Carter in Influenza zone.
8:29 of 1st period - Snap shot by Chris Kreider.
8:29 of 1st period - Shot Misses the Net.
8:31 of 1st period - Wrist shot by Petri Kontiola.
8:31 of 1st period - Stopped by Alex Stalock without a rebound.
8:32 of 1st period - Ryan Carter wins face-off versus Petri Kontiola in Influenza zone.
8:32 of 1st period - Ryan Carter is hit by Chris Kreider.
8:52 of 1st period - Mathieu Carle is hit by Chris Kreider and loses puck.
9:13 of 1st period - Wrist shot by Stefan Ruzicka.
9:13 of 1st period - Stopped by Alex Stalock with a rebound.
9:51 of 1st period - Wrist shot by Chris Kreider.
9:51 of 1st period - Deflect By Noah Welch.
9:51 of 1st period - Shot Misses the Net.
9:51 of 1st period - Puck is out of play.
9:52 of 1st period - Roman Wick wins face-off versus Cody McCormick in Influenza zone.
10:19 of 1st period - Eric Wellwood is hit by Andrew Orpik and loses puck.
10:40 of 1st period - Snap shot by Dustin Jeffrey.
10:40 of 1st period - Stopped by Alex Stalock with a rebound.
10:42 of 1st period - Snap shot by Andrew Orpik.
10:42 of 1st period - Shot Blocked by Colin McDonald.
11:11 of 1st period - Snap shot by Mark Giordano.
11:11 of 1st period - Stopped by Alex Stalock without a rebound.
11:12 of 1st period - Drew Shore wins face-off versus Zac Dalpe in Influenza zone.
11:48 of 1st period - Wrist shot by Colin McDonald.
11:48 of 1st period - Shot Misses the Net.
11:50 of 1st period - Slapshot by Carl Gunnarsson.
11:50 of 1st period - Stopped by Robin Lehner without a rebound.
11:51 of 1st period - Alex Killorn wins face-off versus Ryan Carter in Harfangs zone.
11:51 of 1st period - Alex Killorn is hit by Ryan Carter.
11:57 of 1st period - Wrist shot by Robbie Earl.
11:57 of 1st period - Deflect By Martins Karsums.
11:57 of 1st period - Shot Misses the Net.
11:57 of 1st period - Puck is out of play.
11:58 of 1st period - Ryan Carter wins face-off versus Alex Killorn in Harfangs zone.
12:29 of 1st period - Wrist shot by Cody McCormick.
12:29 of 1st period - Stopped by Robin Lehner with a rebound.
12:31 of 1st period - Snap shot by Cody McCormick.
12:31 of 1st period - Deflect By Ben Smith.
12:31 of 1st period - Stopped by Robin Lehner without a rebound.
12:32 of 1st period - Cody McCormick wins face-off versus Alex Killorn in Harfangs zone.
12:49 of 1st period - Peter Olvecky is hit by Ryan Russell and loses puck.
13:02 of 1st period - Wrist shot by Stefan Ruzicka.
13:02 of 1st period - Shot Blocked by Carl Gunnarsson.
13:04 of 1st period - Snap shot by Mark Giordano.
13:04 of 1st period - Stopped by Alex Stalock with a rebound.
13:06 of 1st period - Slapshot by Petri Kontiola.
13:06 of 1st period - Stopped by Alex Stalock with a rebound.
13:30 of 1st period - Backhand shot by Zac Dalpe.
13:30 of 1st period - Stopped by Robin Lehner with a rebound.
13:50 of 1st period - Slapshot by Alexandre Picard.
13:50 of 1st period - Stopped by Alex Stalock with a rebound.
13:51 of 1st period - Minor Penalty to Ben Smith for Tripping.
13:52 of 1st period - Robbie Earl wins face-off versus Petri Kontiola in Influenza zone.
15:03 of 1st period - James Wisniewski is hit by Carl Gunnarsson and loses puck.
15:51 of 1st period - Penalty to Ben Smith is over, Ben Smith is back on ice.
15:56 of 1st period - Off-side.
15:57 of 1st period - Zac Dalpe wins face-off versus Drew Shore in neutral zone.
16:22 of 1st period - Cody McCormick is hit by Dustin Jeffrey and loses puck.
17:03 of 1st period - Backhand shot by Robbie Earl.
17:03 of 1st period - Shot Blocked by Tomas Tatar.
17:05 of 1st period - Slapshot by Robbie Earl.
17:05 of 1st period - Deflect By Martins Karsums.
17:05 of 1st period - Shot Misses the Net.
17:05 of 1st period - Puck is out of play.
17:06 of 1st period - Petri Kontiola wins face-off versus Ryan Carter in Harfangs zone.
17:24 of 1st period - Snap shot by Martins Karsums.
17:24 of 1st period - Shot Misses the Net.
17:41 of 1st period - Off-side.
17:42 of 1st period - Drew Shore wins face-off versus Cody McCormick in neutral zone.
18:13 of 1st period - Slapshot by Mark Giordano.
18:13 of 1st period - Shot Misses the Net.
18:33 of 1st period - Wrist shot by Alex Killorn.
18:33 of 1st period - Stopped by Alex Stalock with a rebound.
18:35 of 1st period - Wrist shot by Mark Giordano.
18:35 of 1st period - Shot Misses the Net.
18:37 of 1st period - Slapshot by Peter Olvecky.
18:37 of 1st period - Stopped by Alex Stalock without a rebound.
18:38 of 1st period - Ryan Carter wins face-off versus Alex Killorn in Influenza zone.
19:28 of 1st period - Dustin Jeffrey is hit by Brian Salcido and loses puck.
19:49 of 1st period - Snap shot by Zac Dalpe.
19:49 of 1st period - Deflect By Colin McDonald.
19:49 of 1st period - Stopped by Robin Lehner with a rebound.
19:55 of 1st period - Snap shot by Colin McDonald.
19:55 of 1st period - Shot Blocked by Sasha Pokulok.
19:57 of 1st period - Snap shot by Adam Berti.
19:57 of 1st period - Stopped by Robin Lehner with a rebound.
19:59 of 1st period - Slapshot by Brian Salcido.
19:59 of 1st period - Shot Misses the Net.
Goals for this period are 0 for Harfangs vs 1 for Influenza.
Shots for this period are 14 for Harfangs vs 12 for Influenza.

2nd period


0:01 of 2nd period - Petri Kontiola wins face-off versus Ryan Carter in neutral zone.
0:16 of 2nd period - Wrist shot by Stefan Ruzicka.
0:16 of 2nd period - Stopped by Alex Stalock without a rebound.
0:17 of 2nd period - Cody McCormick wins face-off versus Roman Wick in Influenza zone.
0:52 of 2nd period - Wrist shot by Jeremy Morin.
0:52 of 2nd period - Stopped by Robin Lehner without a rebound.
0:53 of 2nd period - Petri Kontiola wins face-off versus Ryan Carter in Harfangs zone.
1:00 of 2nd period - Robbie Earl is hit by Stefan Ruzicka and loses puck.
1:09 of 2nd period - Stefan Ruzicka is hit by Ryan Carter and loses puck.
1:20 of 2nd period - Cody McCormick is hit by Mark Giordano and loses puck.
1:27 of 2nd period - Snap shot by Michal Repik.
1:27 of 2nd period - Stopped by Alex Stalock without a rebound.
1:28 of 2nd period - Alex Killorn wins face-off versus Ben Smith in Influenza zone.
1:31 of 2nd period - Snap shot by Peter Olvecky.
1:31 of 2nd period - Stopped by Alex Stalock with a rebound.
1:41 of 2nd period - Alex Killorn is hit by Jaime Sifers.
2:00 of 2nd period - Slapshot by Alexandre Picard.
2:00 of 2nd period - Goal by Alexandre Picard - Harfangs : 1 - Influenza : 1.
2:01 of 2nd period - Ryan Carter wins face-off versus Petri Kontiola in neutral zone.
2:46 of 2nd period - Slapshot by Mark Giordano.
2:46 of 2nd period - Shot Blocked by Jeremy Morin.
2:48 of 2nd period - Slapshot by Mark Giordano.
2:48 of 2nd period - Shot Misses the Net.
2:50 of 2nd period - Snap shot by Brandon Pirri.
2:50 of 2nd period - Stopped by Alex Stalock without a rebound.
2:51 of 2nd period - Brandon Pirri wins face-off versus Ryan Carter in Influenza zone.
2:56 of 2nd period - Slapshot by Kyle Palmieri.
2:56 of 2nd period - Shot Misses the Net.
3:00 of 2nd period - Wrist shot by Dustin Jeffrey.
3:00 of 2nd period - Shot Blocked by Martins Karsums.
3:08 of 2nd period - Snap shot by Kyle Palmieri.
3:08 of 2nd period - Stopped by Alex Stalock with a rebound.
3:10 of 2nd period - Wrist shot by Kyle Palmieri.
3:10 of 2nd period - Stopped by Alex Stalock without a rebound.
3:11 of 2nd period - Cody McCormick wins face-off versus Petri Kontiola in Influenza zone.
3:18 of 2nd period - Chris Kreider is hit by Ben Smith and loses puck.
3:37 of 2nd period - Chris Kreider is hit by Zac Dalpe and loses puck.
3:52 of 2nd period - Snap shot by Chris Kreider.
3:52 of 2nd period - Shot Misses the Net.
3:54 of 2nd period - Snap shot by Chris Kreider.
3:54 of 2nd period - Stopped by Alex Stalock without a rebound.
3:55 of 2nd period - Ryan Carter wins face-off versus Alex Killorn in Influenza zone.
4:08 of 2nd period - Wrist shot by Robbie Earl.
4:08 of 2nd period - Stopped by Robin Lehner with a rebound.
4:10 of 2nd period - Snap shot by Carl Gunnarsson.
4:10 of 2nd period - Shot Blocked by Mark Giordano.
5:24 of 2nd period - Robbie Earl is hit by James Wisniewski and loses puck.
5:33 of 2nd period - Snap shot by Martins Karsums.
5:33 of 2nd period - Stopped by Robin Lehner with a rebound.
6:11 of 2nd period - Slapshot by Zac Dalpe.
6:11 of 2nd period - Shot Blocked by Sasha Pokulok.
6:28 of 2nd period - Chris Kreider is hit by Carl Gunnarsson and loses puck.
8:13 of 2nd period - Wrist shot by Ryan Carter.
8:13 of 2nd period - Stopped by Robin Lehner without a rebound.
8:14 of 2nd period - Petri Kontiola wins face-off versus Ryan Carter in Harfangs zone.
8:21 of 2nd period - Wrist shot by Stefan Ruzicka.
8:21 of 2nd period - Stopped by Alex Stalock with a rebound.
8:23 of 2nd period - Wrist shot by Petri Kontiola.
8:23 of 2nd period - Stopped by Alex Stalock without a rebound.
8:24 of 2nd period - Ryan Carter wins face-off versus Chris Kreider in Influenza zone.
8:39 of 2nd period - Snap shot by Petri Kontiola.
8:39 of 2nd period - Shot Blocked by Jaime Sifers.
9:01 of 2nd period - Cody McCormick is hit by Peter Olvecky and loses puck.
9:18 of 2nd period - Carl Gunnarsson is hit by Tomas Tatar and loses puck.
9:51 of 2nd period - Sasha Pokulok is hit by Martins Karsums.
9:57 of 2nd period - Snap shot by Martins Karsums.
9:57 of 2nd period - Shot Misses the Net.
10:40 of 2nd period - Snap shot by Drew Shore.
10:40 of 2nd period - Stopped by Alex Stalock with a rebound.
10:42 of 2nd period - Wrist shot by James Wisniewski.
10:42 of 2nd period - Shot Blocked by Colin McDonald.
10:44 of 2nd period - Slapshot by James Wisniewski.
10:44 of 2nd period - Shot Blocked by Andreas Engqvist.
11:26 of 2nd period - Backhand shot by Noah Welch.
11:26 of 2nd period - Shot Blocked by Victor Bartley.
11:28 of 2nd period - Snap shot by Martins Karsums.
11:28 of 2nd period - Shot Blocked by Mark Giordano.
11:30 of 2nd period - Backhand shot by Martins Karsums.
11:30 of 2nd period - Goal by Martins Karsums - Harfangs : 1 - Influenza : 2.
11:31 of 2nd period - Petri Kontiola wins face-off versus Ryan Carter in neutral zone.
11:42 of 2nd period - Wrist shot by Petri Kontiola.
11:42 of 2nd period - Stopped by Alex Stalock with a rebound.
11:44 of 2nd period - Snap shot by Stefan Ruzicka.
11:44 of 2nd period - Goal by Stefan Ruzicka - Harfangs : 2 - Influenza : 2.
11:45 of 2nd period - Ryan Carter wins face-off versus Petri Kontiola in neutral zone.
11:50 of 2nd period - Stefan Ruzicka is hit by Noah Welch and loses puck.
11:57 of 2nd period - Slapshot by James Wisniewski.
11:57 of 2nd period - Stopped by Alex Stalock with a rebound.
12:23 of 2nd period - Ben Smith is hit by Mark Giordano and loses puck.
12:38 of 2nd period - Slapshot by Mathieu Carle.
12:38 of 2nd period - Shot Misses the Net.
12:40 of 2nd period - Wrist shot by Eric Wellwood.
12:40 of 2nd period - Shot Misses the Net.
12:53 of 2nd period - Victor Bartley is hit by Jaime Sifers and loses puck.
13:04 of 2nd period - Slapshot by Jaime Sifers.
13:04 of 2nd period - Shot Blocked by Mark Giordano.
14:01 of 2nd period - Wrist shot by Jeremy Morin.
14:01 of 2nd period - Stopped by Robin Lehner without a rebound.
14:02 of 2nd period - Ryan Carter wins face-off versus Petri Kontiola in Harfangs zone.
14:05 of 2nd period - Snap shot by Martins Karsums.
14:05 of 2nd period - Stopped by Robin Lehner without a rebound.
14:06 of 2nd period - Petri Kontiola wins face-off versus Ryan Carter in Harfangs zone.
14:06 of 2nd period - Petri Kontiola is hit by Ryan Carter.
14:17 of 2nd period - Andrew Orpik is hit by Ryan Carter.
14:19 of 2nd period - Slapshot by Stefan Ruzicka.
14:19 of 2nd period - Shot Misses the Net.
14:21 of 2nd period - Slapshot by Sasha Pokulok.
14:21 of 2nd period - Stopped by Alex Stalock with a rebound.
14:55 of 2nd period - Slapshot by Alexandre Picard.
14:55 of 2nd period - Shot Misses the Net.
14:57 of 2nd period - Slapshot by Alexandre Picard.
14:57 of 2nd period - Stopped by Alex Stalock without a rebound.
14:58 of 2nd period - Ryan Carter wins face-off versus Petri Kontiola in Influenza zone.
14:58 of 2nd period - Ryan Carter is hit by Chris Kreider.
15:06 of 2nd period - Stefan Ruzicka is hit by Ryan Carter and loses puck.
15:13 of 2nd period - Wrist shot by Ryan Carter.
15:13 of 2nd period - Shot Misses the Net.
15:29 of 2nd period - Minor Penalty to Petri Kontiola for Hooking.
15:30 of 2nd period - Ryan Carter wins face-off versus Tomas Tatar in Harfangs zone.
15:40 of 2nd period - Slapshot by Ryan Carter.
15:40 of 2nd period - Shot Misses the Net.
15:42 of 2nd period - Slapshot by Robbie Earl.
15:42 of 2nd period - Deflect By Ryan Carter.
15:42 of 2nd period - Shot Blocked by Mark Giordano.
15:42 of 2nd period - Puck is out of play.
15:43 of 2nd period - Tomas Tatar wins face-off versus Ryan Carter in Harfangs zone.
15:48 of 2nd period - Snap shot by Ryan Carter.
15:48 of 2nd period - Shot Blocked by Tomas Tatar.
15:50 of 2nd period - Wrist shot by Martins Karsums.
15:50 of 2nd period - Shot Misses the Net.
15:52 of 2nd period - Snap shot by Mathieu Carle.
15:52 of 2nd period - Stopped by Robin Lehner with a rebound.
15:54 of 2nd period - Slapshot by Noah Welch.
15:54 of 2nd period - Shot Blocked by Mark Giordano.
16:08 of 2nd period - Mathieu Carle is hit by Chris Kreider and loses puck.
17:29 of 2nd period - Penalty to Petri Kontiola is over, Petri Kontiola is back on ice.
17:51 of 2nd period - Slapshot by Zac Dalpe.
17:51 of 2nd period - Stopped by Robin Lehner without a rebound.
17:52 of 2nd period - Andreas Engqvist wins face-off versus Peter Olvecky in Harfangs zone.
18:24 of 2nd period - Snap shot by Kyle Palmieri.
18:24 of 2nd period - Stopped by Alex Stalock with a rebound.
18:26 of 2nd period - Snap shot by Dustin Jeffrey.
18:26 of 2nd period - Harfangs goal is going for a video replay.
18:26 of 2nd period - The goal is good.
18:26 of 2nd period - Goal by Dustin Jeffrey - Harfangs : 3 - Influenza : 2.
18:27 of 2nd period - Petri Kontiola wins face-off versus Ryan Carter in neutral zone.
18:30 of 2nd period - Ryan Carter is hit by Stefan Ruzicka and loses puck.
18:52 of 2nd period - Mathieu Carle is hit by Alex Killorn and loses puck.
19:14 of 2nd period - Wrist shot by Ben Smith.
19:14 of 2nd period - Shot Misses the Net.
19:16 of 2nd period - Snap shot by Cody McCormick.
19:16 of 2nd period - Stopped by Robin Lehner without a rebound.
19:17 of 2nd period - Tomas Tatar wins face-off versus Ryan Carter in Harfangs zone.
19:17 of 2nd period - Tomas Tatar is hit by Ryan Carter.
19:29 of 2nd period - Snap shot by Michal Repik.
19:29 of 2nd period - Stopped by Alex Stalock with a rebound.
19:31 of 2nd period - Snap shot by Drew Shore.
19:31 of 2nd period - Deflect By Michal Repik.
19:31 of 2nd period - Stopped by Alex Stalock without a rebound.
19:32 of 2nd period - Cody McCormick wins face-off versus Petri Kontiola in Influenza zone.
19:42 of 2nd period - Victor Bartley is hit by Ben Smith and loses puck.
19:55 of 2nd period - Minor Penalty to Mathieu Carle for Hooking.
19:56 of 2nd period - Petri Kontiola wins face-off versus Robbie Earl in Influenza zone.
Goals for this period are 3 for Harfangs vs 1 for Influenza.
Shots for this period are 20 for Harfangs vs 10 for Influenza.

3rd period


0:01 of 3rd period - Robbie Earl wins face-off versus Petri Kontiola in neutral zone.
0:05 of 3rd period - Icing by James Wisniewski.
0:06 of 3rd period - Robbie Earl wins face-off versus Petri Kontiola in Harfangs zone.
0:09 of 3rd period - Snap shot by Ryan Carter.
0:09 of 3rd period - Shot Misses the Net.
0:15 of 3rd period - Slapshot by Alexandre Picard.
0:15 of 3rd period - Stopped by Alex Stalock without a rebound.
0:16 of 3rd period - Robbie Earl wins face-off versus Petri Kontiola in Influenza zone.
0:58 of 3rd period - Icing by James Wisniewski.
0:59 of 3rd period - Cody McCormick wins face-off versus Roman Wick in Harfangs zone.
1:10 of 3rd period - Backhand shot by James Wisniewski.
1:10 of 3rd period - Stopped by Alex Stalock without a rebound.
1:11 of 3rd period - Petri Kontiola wins face-off versus Robbie Earl in Influenza zone.
1:42 of 3rd period - Alex Killorn is hit by Ryan Carter and loses puck.
1:47 of 3rd period - Backhand shot by Ryan Carter.
1:47 of 3rd period - Stopped by Robin Lehner with a rebound.
1:49 of 3rd period - Slapshot by Ryan Carter.
1:49 of 3rd period - Shot Misses the Net.
1:51 of 3rd period - Snap shot by Jeff Petry.
1:51 of 3rd period - Deflect By Robbie Earl.
1:51 of 3rd period - Shot Blocked by James Wisniewski.
1:51 of 3rd period - Puck is out of play.
1:52 of 3rd period - Martins Karsums wins face-off versus Petri Kontiola in Harfangs zone.
1:55 of 3rd period - Penalty to Mathieu Carle is over, Mathieu Carle is back on ice.
2:37 of 3rd period - Slapshot by Cody McCormick.
2:37 of 3rd period - Stopped by Robin Lehner with a rebound.
2:57 of 3rd period - Wrist shot by Mathieu Carle.
2:57 of 3rd period - Stopped by Robin Lehner without a rebound.
2:58 of 3rd period - Zac Dalpe wins face-off versus Petri Kontiola in Harfangs zone.
3:27 of 3rd period - Slapshot by Roman Wick.
3:27 of 3rd period - Deflect By Peter Olvecky.
3:27 of 3rd period - Stopped by Alex Stalock with a rebound.
3:43 of 3rd period - Wrist shot by Ryan Carter.
3:43 of 3rd period - Shot Misses the Net.
3:45 of 3rd period - Snap shot by Zac Dalpe.
3:45 of 3rd period - Shot Misses the Net.
3:47 of 3rd period - Slapshot by Oskars Bartulis.
3:47 of 3rd period - Deflect By Ryan Carter.
3:47 of 3rd period - Shot Misses the Net.
3:47 of 3rd period - Puck is out of play.
3:48 of 3rd period - Andreas Engqvist wins face-off versus Brandon Pirri in Harfangs zone.
3:49 of 3rd period - Snap shot by Colin McDonald.
3:49 of 3rd period - Shot Misses the Net.
3:51 of 3rd period - Wrist shot by Adam Berti.
3:51 of 3rd period - Goal by Adam Berti - Harfangs : 3 - Influenza : 3.
3:52 of 3rd period - Petri Kontiola wins face-off versus Ryan Carter in neutral zone.
3:54 of 3rd period - Minor Penalty to James Wisniewski for Hooking.
3:55 of 3rd period - Petri Kontiola wins face-off versus Ryan Carter in Harfangs zone.
5:54 of 3rd period - Penalty to James Wisniewski is over, James Wisniewski is back on ice.
6:09 of 3rd period - Andreas Engqvist is hit by Alex Killorn and loses puck.
8:19 of 3rd period - Dustin Jeffrey is hit by Ben Smith and loses puck.
8:30 of 3rd period - Sasha Pokulok is hit by Eric Wellwood.
8:54 of 3rd period - Wrist shot by Michal Repik.
8:54 of 3rd period - Shot Blocked by Jeff May.
9:08 of 3rd period - Cody McCormick is hit by Stefan Ruzicka.
9:55 of 3rd period - Zac Dalpe is hit by Brandon Pirri and loses puck.
10:06 of 3rd period - Jaime Sifers is hit by Brandon Pirri.
10:16 of 3rd period - Snap shot by Zac Dalpe.
10:16 of 3rd period - Shot Misses the Net.
10:18 of 3rd period - Snap shot by Eric Wellwood.
10:18 of 3rd period - Deflect By Zac Dalpe.
10:18 of 3rd period - Shot Misses the Net.
10:18 of 3rd period - Puck is out of play.
10:19 of 3rd period - Ryan Carter wins face-off versus Alex Killorn in Harfangs zone.
10:22 of 3rd period - Snap shot by Martins Karsums.
10:22 of 3rd period - Stopped by Robin Lehner with a rebound.
10:27 of 3rd period - Icing by Alex Killorn.
10:28 of 3rd period - Ryan Carter wins face-off versus Alex Killorn in Harfangs zone.
10:41 of 3rd period - Slapshot by Mathieu Carle.
10:41 of 3rd period - Shot Misses the Net.
10:50 of 3rd period - Major Penalty to Roman Wick for Kneeing.
10:51 of 3rd period - Petri Kontiola wins face-off versus Ryan Carter in Harfangs zone.
11:28 of 3rd period - Slapshot by Noah Welch.
11:28 of 3rd period - Stopped by Robin Lehner without a rebound.
11:29 of 3rd period - Cody McCormick wins face-off versus Drew Shore in Harfangs zone.
11:54 of 3rd period - Wrist shot by Robbie Earl.
11:54 of 3rd period - Shot Misses the Net.
12:06 of 3rd period - Petri Kontiola is hit by Noah Welch and loses puck.
13:27 of 3rd period - Noah Welch is hit by Sasha Pokulok and loses puck.
15:50 of 3rd period - Penalty to Roman Wick is over, Roman Wick is back on ice.
17:34 of 3rd period - Martins Karsums is hit by Kyle Palmieri and loses puck.
Goals for this period are 0 for Harfangs vs 1 for Influenza.
Shots for this period are 3 for Harfangs vs 6 for Influenza.

Overtime #1


0:01 of 1st overtime period - Stefan Ruzicka wins face-off versus Robbie Earl in neutral zone.
0:47 of 1st overtime period - Slapshot by Martins Karsums.
0:47 of 1st overtime period - Shot Misses the Net.
0:49 of 1st overtime period - Slapshot by Martins Karsums.
0:49 of 1st overtime period - Stopped by Robin Lehner without a rebound.
0:50 of 1st overtime period - Stefan Ruzicka wins face-off versus Martins Karsums in Harfangs zone.
1:11 of 1st overtime period - Backhand shot by Sasha Pokulok.
1:11 of 1st overtime period - Shot Blocked by Robbie Earl.
1:35 of 1st overtime period - Tomas Tatar is hit by Carl Gunnarsson and loses puck.
1:41 of 1st overtime period - Icing by Alexandre Picard.
1:42 of 1st overtime period - Michal Repik wins face-off versus Robbie Earl in Harfangs zone.
2:19 of 1st overtime period - Zac Dalpe is hit by Sasha Pokulok and loses puck.
2:28 of 1st overtime period - Slapshot by Carl Gunnarsson.
2:28 of 1st overtime period - Shot Misses the Net.
2:30 of 1st overtime period - Wrist shot by Zac Dalpe.
2:30 of 1st overtime period - Deflect By Jeremy Morin.
2:30 of 1st overtime period - Shot Blocked by James Wisniewski.
2:30 of 1st overtime period - Puck is out of play.
2:31 of 1st overtime period - Ryan Carter wins face-off versus Alex Killorn in Harfangs zone.
3:23 of 1st overtime period - Minor Penalty to Jaime Sifers for Boarding.
3:24 of 1st overtime period - Robbie Earl wins face-off versus Stefan Ruzicka in Influenza zone.
3:35 of 1st overtime period - Slapshot by Carl Gunnarsson.
3:35 of 1st overtime period - Shot Hit the Post.
4:00 of 1st overtime period - Slapshot by Mathieu Carle.
4:00 of 1st overtime period - Stopped by Robin Lehner without a rebound.
4:01 of 1st overtime period - Stefan Ruzicka wins face-off versus Colin McDonald in Harfangs zone.
4:18 of 1st overtime period - Mathieu Carle is hit by Petri Kontiola and loses puck.
4:51 of 1st overtime period - Robbie Earl is hit by Peter Olvecky and loses puck.
Goals for this period are 0 for Harfangs vs 0 for Influenza.
Shots for this period are 0 for Harfangs vs 2 for Influenza.

ShootOut


5:00 of 1st overtime period - Penalty Shot by Petri Kontiola for Harfangs.
5:00 of 1st overtime period - Wrist shot by Petri Kontiola.
5:00 of 1st overtime period - Shot Misses the Net.
5:00 of 1st overtime period - Penalty Shot by Robbie Earl for Influenza.
5:00 of 1st overtime period - Wrist shot by Robbie Earl.
5:00 of 1st overtime period - Goal by Robbie Earl.
5:00 of 1st overtime period - Penalty Shot by Peter Olvecky for Harfangs.
5:00 of 1st overtime period - Snap shot by Peter Olvecky.
5:00 of 1st overtime period - Shot Misses the Net.
5:00 of 1st overtime period - Penalty Shot by Ryan Carter for Influenza.
5:00 of 1st overtime period - Deke by Ryan Carter.
5:00 of 1st overtime period - Stopped by Robin Lehner.
5:00 of 1st overtime period - Penalty Shot by Alexandre Picard for Harfangs.
5:00 of 1st overtime period - Deke by Alexandre Picard.
5:00 of 1st overtime period - Stopped by Alex Stalock.


Output by the SimonT Hockey Simulator (STHS) for François Prévost -- Original Page W3C XHTML 1.0 Valid
Hockey Simulator - Hockey Simulation - Hockey Manager